 Dungeon Sprint DCSS version 0.26.1-2-gb8aa6d0cf2 (webtiles) character file.

Game seed: 10856173859060979452

290753 Groucho the Imperceptible (level 13, 62/62 HPs)
             Began as a Felid Berserker on Feb 12, 2021.
             Was the Champion of Trog.
             Escaped with the Orb!
             The game lasted 00:17:05 (4488 turns).

Groucho the Imperceptible (Felid Berserker)         Turns: 4488, Time: 00:17:06

Health: 62/62      AC:  3    Str: 15    XL:     13   Next: 54%
Magic:  12/12      EV: 37    Int: 10    God:    Trog [******]
Gold:   1734       SH:  0    Dex: 23    Spells: 12/12 levels left
                                        Lives:  2   Deaths: 0

rFire    + . .     SeeInvis +     - Unarmed
rCold    + . .     Faith    .   (shield unavailable)
rNeg     . . .     Spirit   +   (armour unavailable)
rPois    .         Reflect  .   (helmet unavailable)
rElec    .         Harm     .   (cloak unavailable)
rCorr    .         Rampage  .   (gloves unavailable)
Will     +....     NoTele   +   (boots unavailable)
Stlth    ++++......             o - amulet of guardian spirit
HPRegen  0.20/turn              j - ring of Jealousy {rF+ Str+4 Dex+6}
MPRegen  0.13/turn              p - ring of flight

@: quick
A: very small, no armour, no weapons or thrown items, stealth, claws 1, fangs 3,
see invisible, clumsy 1, speed 1, frail 1, low mp 1, shaggy fur 3, weak 1, sharp
paws
0: Orb of Zot
a: Renounce Religion, Evoke Flight, Berserk, Trog's Hand, Brothers in Arms


You escaped.
You worshipped Trog.
Trog was exalted by your worship.
You visited 1 branch You collected 3927 gold pieces.
You spent 2193 gold pieces at shops.

Inventory:

Jewellery
 h - an uncursed ring of protection from fire
 j - the ring of Jealousy (left paw) {rF+ Str+4 Dex+6}
   (You bought it in a shop in the Dungeon)

   [ring of protection from fire]

   It affects your strength (+4).
   It affects your dexterity (+6).
   It protects you from fire.
 m - an uncursed amulet of the acrobat
 n - an uncursed ring of poison resistance
 o - an amulet of guardian spirit (around neck)
 p - a ring of flight (right paw)
Wands
 g - a wand of digging (1)
 r - a wand of polymorph (8)
 s - a wand of acid (6)
Scrolls
 f - 2 scrolls of identify
 k - 3 scrolls of remove curse
 q - a scroll of immolation {unknown}
Potions
 a - 5 potions of curing
 b - a potion of heal wounds
 d - 2 potions of magic
 e - a potion of berserk rage
 l - a potion of ambrosia {unknown}


   Skills:
 + Level 15.4 Fighting
 + Level 19.2 Dodging
 + Level 24.4 Stealth
 + Level 15.4 Unarmed Combat


You had 12 spell levels left.
You didn't know any spells.
Your spell library was empty.

Dungeon Overview and Level Annotations

Branches:
Dungeon (1/1)

Altars:
Cheibriados
Dithmenos
Elyvilon
Fedhas
Gozag
Hepliaklqana
Kikubaaqudgha
Makhleb
Nemelex Xobeh
Okawaru
Qazlal
Ru
Sif Muna
Trog
Uskayaw
Vehumet
Wu Jian
Xom
Yredelemnul
Zin
The Shining One
Jiyva
Lugonu

Shops:
D [=[[[:[[**??=[!*[(?[[:

Annotations:
D Tiamat


Innate Abilities, Weirdness & Mutations

You cannot wear armour.
You are incapable of wielding weapons or throwing items.
Your paws allow you to move quietly. (Stealth)
You have sharp claws.
You have razor-sharp teeth.
You have supernaturally acute eyesight. (SInv)
You cover ground quickly.
Your thick and shaggy fur keeps you warm. (AC +3, rC+)
Your sharp claws are effective at attacking unaware monsters.
You are clumsy. (Dex -2)
You are frail. (-10% HP)
Your magical capacity is low. (-10% MP)
You are weak. (Str -2)


Message History

There is an open door here.
You are starting to lose your buoyancy.
There is an open door, spattered with blood here.
There is a viscous altar of Jiyva here.
There is an open door here.
Your extra speed is starting to run out.
There is an open door here.
Things that are here:
a +0 scythe; a +0 robe
There is an open door here.
You see here a +0 giant spiked club.
There is an open door here.
You feel yourself slow down.
There is an open door here.
You can't go up here!
You float gracefully downwards.
There is a staircase leading out of the dungeon here.
You feel more experienced!
You have reached level 13!
You have escaped!

##################
#@.#..').#.)'..#__
#..'[.#..'..#..'^.
#..#####'#####'#__
#..####..#...#.###
#..#__####..##(#≈§
#..#_____##'#_.§≈§
#⌠⌠#_.∩...'..._#§§
#..._..__##_.#'##+
#..#_____###'#.#[.


There were no monsters in sight!

Vanquished Creatures
  A hydra (D)
  2 centaur warriors (D)
  Sonja (D)
  7 unseen horrors (D)
  A deep troll (D)
  A lindwurm (D)
  An oklob plant (D)
  2 shining eyes (D)
  A gargoyle (D)
  2 demonic crawlers (D)
  2 kobold demonologists (D)
  A hornet (D)
  A meliai (D)
  A slime creature (D)
  2 redbacks (D)
  Sigmund (D)
  A yak (D)
  13 hogs (D)
  6 floating eyes (D)
  7 necrophages (D)
  An ogre (D)
  8 jellies (D)
  Ijyb (D)
64 creatures vanquished.

Vanquished Creatures (collateral kills)
  A golden dragon (D)
  A shadow dragon (D)
  A daeva (D)
  4 fire giants (D)
  A lorocyproca (D)
  6 shining eyes (D)
  2 demonic crawlers (D)
  A floating eye (D)
  A ballistomycete spore (D)
18 creatures vanquished.

Vanquished Creatures (others)
  A ballistomycete spore (D)
1 creature vanquished.

Grand Total: 83 creatures vanquished

Notes
Turn   | Place    | Note
-------+----------+-------------------------------------------
     0 | D        | Groucho the Felid Berserker began the quest for the Orb.
     0 | D        | Reached XP level 1. HP: 10/10 MP: 2/2
     2 | D        | Noticed Ijyb
     7 | D        | Killed Ijyb
     8 | D        | Reached skill level 8 in Stealth
     8 | D        | Reached XP level 2. HP: 14/14 MP: 3/3
   165 | D        | Noticed an ogre
   172 | D        | Killed an ogre
   173 | D        | Reached skill level 12 in Stealth
   173 | D        | Reached XP level 3. HP: 17/17 MP: 4/4
   173 | D        | Reached XP level 4. HP: 21/21 MP: 5/5
   382 | D        | Noticed Sigmund
   392 | D        | Killed Sigmund
   392 | D        | Reached ** piety under Trog
   393 | D        | Reached skill level 16 in Stealth
   393 | D        | Reached XP level 5. HP: 16/24 MP: 6/6
   727 | D        | Found a shimmering blue altar of Sif Muna.
   728 | D        | Found an ornate altar of the Wu Jian Council.
   729 | D        | Found a radiant altar of Vehumet.
   734 | D        | Gained mutation: You are covered in thick fur. (AC +2)
                  | [Felid growth]
   734 | D        | Reached XP level 6. HP: 28/28 MP: 7/7
   803 | D        | Found Ethorof's Armour Emporium.
   803 | D        | Found an ancient bone altar of Kikubaaqudgha.
   803 | D        | Found a hazy altar of Hepliaklqana.
   803 | D        | Found a stormy altar of Qazlal.
   803 | D        | Found a hide-covered altar of Uskayaw.
   803 | D        | Found a blossoming altar of Fedhas.
   803 | D        | Found a bloodstained altar of Trog.
   803 | D        | Found an iron altar of Okawaru.
   803 | D        | Found a basalt altar of Yredelemnul.
   803 | D        | Found a glowing golden altar of the Shining One.
   803 | D        | Found a snail-covered altar of Cheibriados.
   803 | D        | Found a sacrificial altar of Ru.
   803 | D        | Found a glowing silver altar of Zin.
   803 | D        | Found a shadowy altar of Dithmenos.
   803 | D        | Found a white marble altar of Elyvilon.
   803 | D        | Noticed a yak
   804 | D        | Found an opulent altar of Gozag.
   805 | D        | Killed a yak
   806 | D        | Found a sparkling altar of Nemelex Xobeh.
   824 | D        | Found a burning altar of Makhleb.
   824 | D        | Found a shimmering altar of Xom.
   824 | D        | Noticed a slime creature
   825 | D        | Found a viscous altar of Jiyva.
   825 | D        | Found a corrupted altar of Lugonu.
   827 | D        | Killed a slime creature
   827 | D        | Reached *** piety under Trog
   828 | D        | Reached skill level 5 in Fighting
   828 | D        | Reached skill level 17 in Stealth
   828 | D        | Reached skill level 5 in Unarmed Combat
   828 | D        | Reached XP level 7. HP: 34/34 MP: 8/8
   855 | D        | Noticed a centaur warrior
   855 | D        | Noticed a centaur warrior
   856 | D        | Killed a centaur warrior
   857 | D        | Reached skill level 18 in Stealth
   857 | D        | Reached XP level 8. HP: 40/40 MP: 9/9
   857 | D        | Killed a centaur warrior
   867 | D        | Noticed a hornet
   870 | D        | Killed a hornet
   871 | D        | Reached skill level 19 in Stealth
   871 | D        | Reached XP level 9. HP: 45/45 MP: 10/10
   883 | D        | Noticed an oklob plant
   885 | D        | Killed an oklob plant
   885 | D        | Reached **** piety under Trog
   917 | D        | Noticed an unseen horror
   917 | D        | Noticed an unseen horror
   940 | D        | Killed an unseen horror
   941 | D        | Reached skill level 10 in Fighting
   941 | D        | Reached skill level 10 in Unarmed Combat
   956 | D        | Killed an unseen horror
   956 | D        | Reached ***** piety under Trog
   957 | D        | Reached skill level 20 in Stealth
   970 | D        | Reached XP level 10. HP: 43/51 MP: 11/11
  1422 | D        | Reached ****** piety under Trog
  1761 | D        | Found Juorugud's Armour Shoppe.
  1761 | D        | Found Lotzor's Antique Armour Shop.
  1761 | D        | Found Ikkep's General Store.
  1763 | D        | Found Qutsiac's General Store.
  1763 | D        | Found Jeyhyty's Magic Scroll Shop.
  1763 | D        | Found Myulegg's Magic Scroll Shoppe.
  1763 | D        | Found Suach's Jewellery Boutique.
  1763 | D        | Found Kixzaor's Armour Emporium.
  1763 | D        | Found Otwor's Distillery.
  1763 | D        | Found Kofril's Assorted Antiques.
  1767 | D        | Bought a potion of experience for 550 gold pieces
  1767 | D        | Found Dunaq's Antique Armour Boutique.
  1768 | D        | Found Tevibb's Magic Scroll Emporium.
  1768 | D        | Found Ilont's Antique Weapon Boutique.
  1769 | D        | Found Pisih's Armour Emporium.
  1771 | D        | Bought the ring of Jealousy {rF+ Str+4 Dex+6} for 583 gold
                  | pieces
  1820 | D        | Noticed a deep troll
  1822 | D        | Killed a deep troll
  1834 | D        | Found Diegiopt's Armour Emporium.
  1845 | D        | Noticed Sonja
  1848 | D        | Killed Sonja
  1864 | D        | Found Cilel's Armour Boutique.
  2133 | D        | Reached skill level 21 in Stealth
  2147 | D        | Reached skill level 15 in Dodging
  2408 | D        | Noticed a lindwurm
  2410 | D        | Killed a lindwurm
  2419 | D        | Reached XP level 11. HP: 57/57 MP: 12/12
  2484 | D        | Reached skill level 22 in Stealth
  2800 | D        | Noticed a 12-headed hydra
  2802 | D        | Killed a 12-headed hydra
  2868 | D        | Noticed a shadow dragon
  2868 | D        | Noticed a golden dragon
  2878 | D        | Killed a golden dragon
  2881 | D        | Killed a shadow dragon
  2979 | D        | Found Mojusm's Book Shoppe.
  3096 | D        | Bought an uncursed ring of poison resistance for 220 gold
                  | pieces
  3103 | D        | Bought an uncursed amulet of guardian spirit for 330 gold
                  | pieces
  3198 | D        | Noticed a shining eye
  3198 | D        | Noticed a shining eye
  3198 | D        | Noticed a shining eye
  3198 | D        | Noticed a shining eye
  3198 | D        | Noticed a shining eye
  3198 | D        | Noticed a shining eye
  3201 | D        | Noticed a shining eye
  3201 | D        | Noticed a shining eye
  3203 | D        | Killed a shining eye
  3204 | D        | Gained mutation: You are clumsy. (Dex -2) [a shining eye]
  3206 | D        | Killed a shining eye
  3209 | D        | Paralysed by a floating eye for 2 turns
  3210 | D        | Gained mutation: You are frail. (-10% HP) [a shining eye]
  3213 | D        | Killed a shining eye
  3214 | D        | Gained mutation: You are weak. (Str -2) [a shining eye]
  3218 | D        | Gained mutation: Your magical capacity is low. (-10% MP) [a
                  | shining eye]
  3218 | D        | Killed a shining eye
  3220 | D        | Killed a shining eye
  3221 | D        | Reached skill level 23 in Stealth
  3225 | D        | Killed a shining eye
  3225 | D        | Killed a shining eye
  3227 | D        | Killed a shining eye
  3234 | D        | Found Gamumuv's Jewellery Shoppe.
  3234 | D        | Found Kouqijy's Book Boutique.
  3234 | D        | Found Levet's Armour Emporium.
  3235 | D        | Found Gex Sufe's Armour Shop.
  3250 | D        | Bought an uncursed ring of flight for 210 gold pieces
  3331 | D        | Noticed a lorocyproca
  3348 | D        | Killed a lorocyproca
  3349 | D        | Gained mutation: Your thick and shaggy fur keeps you warm.
                  | (AC +3, rC+) [Felid growth]
  3349 | D        | Reached XP level 12. HP: 38/57 MP: 4/11
  3875 | D        | Bought an uncursed ring of protection from fire for 300
                  | gold pieces
  4034 | D        | Noticed a daeva
  4041 | D        | Killed a daeva
  4102 | D        | Noticed a fire giant
  4105 | D        | Noticed a fire giant
  4106 | D        | Noticed a fire giant
  4107 | D        | Noticed a fire giant
  4124 | D        | Killed a fire giant
  4125 | D        | Reached skill level 15 in Fighting
  4125 | D        | Reached skill level 24 in Stealth
  4125 | D        | Reached skill level 15 in Unarmed Combat
  4126 | D        | Killed a fire giant
  4136 | D        | Killed a fire giant
  4144 | D        | Killed a fire giant
  4413 | D        | Found the +4 dragonskin cloak
  4413 | D        | Noticed Tiamat
  4415 | D        | Got the Orb of Zot
  4486 | D        | Reached XP level 13. HP: 62/62 MP: 12/12
  4488 | D        | Escaped with the Orb!

Illustrated notes

Levels and vault maps discovered:
D:        dungeon_sprint_1 [red_sonja_temple_1, red_sonja_temple_small_1]

Skill      XL: |  1  2  3  4  5  6  7  8  9 10 11 12 |
---------------+-------------------------------------+-----
Stealth        | 8 12 16 17 18 19 20 21 23 24 | 24.4
Fighting       | 5 7 8 10 12 14 15 | 15.4
Dodging        | 7 9 11 13 15 17 19 | 19.2
Unarmed Combat | 5 7 8 10 12 14 15 | 15.4

Action                   |  1- 3 |  4- 6 |  7- 9 | 10-12 | 13-15 || total
-------------------------+-------+-------+-------+-------+-------++-------
Melee: Unarmed           |     8 |    11 |    16 |   135 |       ||   170
       Bite              |     1 |       |     1 |    22 |       ||    24
       Punch             |       |       |     1 |    20 |       ||    21
Invok: Berserk           |     2 |     1 |       |     2 |       ||     5
       Brothers in Arms  |       |       |       |    11 |       ||    11
 Abil: Evoke Flight      |       |       |       |     1 |       ||     1
Evoke: Wand              |       |       |       |     4 |       ||     4
  Use: Scroll            |       |       |     1 |     5 |       ||     6
       Potion            |       |       |     1 |     4 |       ||     5
 Stab: Sleeping          |       |     3 |     8 |    25 |       ||    36
       Confused          |       |       |       |     1 |       ||     1
Armor: Skin              |       |       |       |     5 |       ||     5
Dodge: Dodged            |     5 |     3 |    13 |   122 |       ||   143
